 Dungeon Crawl Stone Soup version 0.20.0-10-g0535bb4 (webtiles) character file.

55 MTVSty1e the Skirmisher (level 3, -1/31 HPs)
             Began as a Draconian Skald on June 3, 2017.
             Slain by Sigmund
             ... wielding a +0 scythe
              (9 damage)
             ... on level 3 of the Dungeon.
             The game lasted 00:03:58 (2383 turns).

MTVSty1e the Skirmisher (Draconian Skald)           Turns: 2383, Time: 00:03:59

Health: -1/31      AC:  5    Str: 16    XL:     3   Next: 67%
Magic:  6/6        EV: 18    Int: 13    God:
Gold:   167        SH:  0    Dex: 15    Spells: 2/6 levels left

rFire    + . .     SeeInvis .   a - +0 hand axe
rCold    . . .     Gourm    .   (no shield)
rNeg     . . .     Faith    .   (armour unavailable)
rPois    .         Spirit   .   (helmet restricted)
rElec    .         Reflect  .   (no cloak)
rCorr    .         Harm     .   (no gloves)
MR       .....     Clarity  +   (no boots)
Stlth    ++........             (no amulet)
Regen    0.1/turn               (no ring)
MPRegen  0.1/turn               (no ring)

@: agile, flying
A: unfitting armour, clarity, fire resistance 1, strong 1, cold-blooded, AC +5
a: no special abilities


You were on level 3 of the Dungeon.
You were hungry.

You visited 1 branch of the dungeon, and saw 3 of its levels.

You collected 167 gold pieces.

Inventory:

Hand Weapons
 a - a +0 hand axe (weapon)
Wands
 n - a wand of acid (9/15)
Scrolls
 f - 2 scrolls of identify {unknown}
 h - a scroll of immolation {unknown}
 k - a scroll of fear {unknown}
 l - a scroll of enchant armour {unknown}
 o - a scroll of teleportation {unknown}
Potions
 m - a potion of brilliance {unknown}
Books
 b - a book of Battle

   Spells                             Type                      Level
   a - Infusion                       Charms                       1
   b - Shroud of Golubria             Charms/Translocation         2
   c - Song of Slaying                Charms                       2
   d - Spectral Weapon                Hexes/Charms                 3
   e - Regeneration                   Charms/Necromancy            3
Comestibles
 c - 2 bread rations
 j - 2 meat rations


   Skills:
 + Level 3.5 Fighting
 * Level 3.2 Axes
 - Level 2.1 Dodging
 - Level 2.0 Spellcasting
 - Level 2.6 Charms


You had 2 spell levels left.
You knew the following spells:

 Your Spells              Type           Power        Failure   Level  Hunger
a - Infusion              Chrm           #...         9%          1    ##.....
b - Regeneration          Chrm/Necr      #.........   41%         3    ####...


Dungeon Overview and Level Annotations

Branches:
Dungeon (3/15)

Altars:
Trog

Annotations:
D:3 Sigmund


Innate Abilities, Weirdness & Mutations

Your plain brown scales are hard. (AC +5)
You cannot fit into any form of body armour.
You are cold-blooded and may be slowed by cold attacks.
You possess an exceptional clarity of mind.
Your flesh is heat resistant. (rF+)
Your muscles are strong. (Str +2)


Message History

The quokka is moderately wounded.
Something hits you.
The quokka bites you but does no damage.
You closely miss the quokka. The quokka barely misses you. Something hits you.
The quokka closely misses you.
Found a short sword.
Okay, then.
It was a potion of agility.
You feel agile all of a sudden. The quokka completely misses you.
You hit the quokka.
Your tail-slap misses the quokka.
The quokka is almost dead.
Something hits you.
* * * LOW HITPOINT WARNING * * *
The quokka misses you.
You hit the quokka.
You kill the quokka!
Something barely misses you. Something hits you!
You die...

.. ........## ##.
.......... ...
........# #.. #......#
#.# ######+ #......#
#.####....... #......#
#...@........
#....).###.#.##.......
#............# ......)
...#####.?##.###
....... #.........#
####### #.###..####
#..# #..# #..#


There were no monsters in sight!

Vanquished Creatures
  An ooze (D:1)
  3 leopard geckos
  8 bats
  3 giant cockroaches
  4 goblins
  7 hobgoblins
  2 jackals (D:1)
  A quokka (D:3)
  A ball python (D:1)
  2 frilled lizards
  7 kobolds
  3 rats
42 creatures vanquished.

Notes
Turn   | Place    | Note
-------+----------+-------------------------------------------
     0 | D:1      | MTVSty1e the Draconian Skald began the quest for the Orb.
     0 | D:1      | Reached XP level 1. HP: 17/17 MP: 3/3
   471 | D:1      | Reached XP level 2. HP: 23/25 MP: 5/5
  1082 | D:1      | Reached XP level 3. HP: 20/31 MP: 6/6
  1149 | D:1      | Learned a level 3 spell: Regeneration
  1783 | D:2      | Found a bloodstained altar of Trog.
  2360 | D:3      | Noticed Sigmund
  2368 | D:3      | Gained mutation: Your flesh is heat resistant. (rF+) [potion of mutation]
  2368 | D:3      | Gained mutation: Your muscles are strong. (Str +2) [potion of mutation]
  2368 | D:3      | Gained mutation: You possess an exceptional clarity of mind. [potion of mutation]
  2383 | D:3      | Slain by Sigmund

Skill      XL: |  1  2  3 |
---------------+----------+-----
Fighting       | 3 |  3.5
Axes           | 3 |  3.2
Dodging        | |  2.1
Spellcasting   | |  2.0
Charms         | |  2.6

Action                   || total
-------------------------++-------
Melee: Hand axe          ||   149
       Tailslap          ||    11
  Use: Potion            ||     4
 Stab: Sleeping          ||     1
       Distracted        ||     1
  Eat: Chunk             ||     4
Armor: Skin              ||    61
Dodge: Dodged            ||   128
